 Dungeon Crawl Stone Soup version 0.22.0-75-g3901e7991e (webtiles) character file.

53 Kniotic the Ruffian (level 3, -1/28 HPs)
             Began as a Draconian Transmuter on Sept 11, 2018.
             Killed from afar by Natasha (6 damage)
             ... with a magic dart
             ... on level 2 of the Dungeon.
             The game lasted 00:01:45 (1612 turns).

Kniotic the Ruffian (Draconian Transmuter)          Turns: 1612, Time: 00:01:45

Health: -1/28      AC:  7    Str: 13    XL:     3   Next: 62%
Magic:  6/6        EV: 12    Int: 13    God:
Gold:   150        SH:  0    Dex: 11    Spells: 3/6 levels left

rFire    . . .     SeeInvis .     - Unarmed
rCold    . . .     Gourm    .   (no shield)
rNeg     . . .     Faith    .   (armour unavailable)
rPois    .         Spirit   .   (helmet restricted)
rElec    .         Reflect  .   n - +0 cloak
rCorr    .         Harm     .   (no gloves)
MR       .....                  l - +0 pair of boots
Stlth    +.........             (no amulet)
HPRegen  0.09/turn              (no ring)
MPRegen  0.10/turn              (no ring)

@: slowed, very slow
A: unfitting armour, cold-blooded, AC +5
a: no special abilities


You were on level 2 of the Dungeon.
You were not hungry.

You visited 1 branch of the dungeon, and saw 2 of its levels.

You collected 150 gold pieces.

Inventory:

Missiles
 a - 7 arrows
Armour
 l - a +0 pair of boots (worn)
 n - a +0 cloak (worn)
Jewellery
 g - an uncursed ring of resist corrosion {unknown}
 m - an uncursed ring of protection from fire {unknown}
Scrolls
 b - a scroll of magic mapping {unknown}
 d - 3 scrolls of identify {unknown}
 e - a scroll of enchant weapon {unknown}
 h - a scroll of immolation {unknown}
 i - a scroll of amnesia {unknown}
 j - a scroll of random uselessness {unknown}
 q - a scroll of noise {unknown}
 r - 2 scrolls of teleportation {unknown}
Potions
 f - 2 potions of might {unknown}
 k - a potion of curing {unknown}
 o - a potion of berserk rage {unknown}
Comestibles
 c - 5 rations


   Skills:
 - Level 1.1 Fighting
 - Level 1.7 Dodging
 + Level 3.9 Unarmed Combat
 - Level 2.0 Spellcasting
 + Level 3.1 Transmutations


You had 3 spell levels left.
You knew the following spells:

 Your Spells              Type           Power        Failure   Level  Hunger
a - Beastly Appendage     Tmut           #.....       7%          1    ##.....
b - Sticks to Snakes      Tmut           #.......     11%         2    ###....

Your spell library contained the following spells:

 Spells                   Type           Power        Failure   Level  Hunger
 Spider Form              Tmut/Pois      #.........   36%         3    ####...
 Ice Form                 Ice/Tmut       #.......     78%         4    #####..
 Blade Hands              Tmut           #.........   88%         5    ######.


Dungeon Overview and Level Annotations

Branches:
Dungeon (2/15)

Altars:

Annotations:
D:2 Natasha


Innate Abilities, Weirdness & Mutations

Your plain brown scales are hard. (AC +5)
You cannot fit into any form of body armour.
You are cold-blooded and may be slowed by cold attacks.


Message History

You hit Natasha.
Natasha is severely wounded.
The bat misses you.
The crimson imp blinks!
The white imp closely misses you. Natasha barely misses you.
The crimson imp blinks!
The white imp hits you but does no damage.
Natasha misses you.
You hit Natasha but do no damage.
Natasha is severely wounded.
The bat barely misses you. The bat closely misses you. The white imp hits you.
The white imp freezes you.
You feel as though you will be slow longer.
Natasha claws you.
The crimson imp blinks!
Natasha claws you.
* * * LOW HITPOINT WARNING * * *
The bat misses you. The white imp misses you.
There is an open door, spattered with blood here.
The bat closely misses you. Natasha casts a spell at you.
The magic dart hits you!
You die...

# #####.....##.##.. #.
#......... #..
#.########.####.######.
......................
#....ยง##.####.#######
#.....##.# #.# ..
#..hb5##.####'####.##
####'###.##......# #@#
#.##.....[# .########.#
#.##..[...# ##
........#.###.##......#
#.
#.........+......#......#
..
#.........#.######......#
#.
................'......#
#.
.....###..######......#
#. #.. #..# #.#.#### #.
##.#####..### #.#.######.


You could see Natasha, a white imp and a bat.

Vanquished Creatures
  An adder (D:2)
  An ooze (D:2)
  2 dart slugs (D:1)
  A leopard gecko (D:2)
  4 bats (D:1)
  2 giant cockroaches
  4 goblins
  A hobgoblin (D:1)
  2 kobolds
  4 rats
22 creatures vanquished.

Vanquished Creatures (collateral kills)
  An adder (D:2)
  A gnoll (D:1)
  A hobgoblin (D:1)
3 creatures vanquished.

Grand Total: 25 creatures vanquished

Notes
Turn   | Place    | Note
-------+----------+-------------------------------------------
     0 | D:1      | Kniotic the Draconian Transmuter began the quest for the
                  | Orb.
     0 | D:1      | Reached XP level 1. HP: 16/16 MP: 3/3
    80 | D:1      | Reached XP level 2. HP: 21/23 MP: 5/5
    95 | D:1      | Learned a level 2 spell: Sticks to Snakes
  1161 | D:2      | Reached XP level 3. HP: 26/28 MP: 1/6
  1599 | D:2      | Noticed Natasha
  1612 | D:2      | Killed from afar by Natasha

Skill      XL: |  1  2  3 |
---------------+----------+-----
Transmutations | 3 |  3.1
Fighting       | |  1.1
Dodging        | |  1.7
Unarmed Combat | |  3.9
Spellcasting   | |  2.0

Action                   || total
-------------------------++-------
Melee: Unarmed           ||    82
       Tailslap          ||    13
       Punch             ||     2
 Cast: Sticks to Snakes  ||     5
 Stab: Sleeping          ||     1
  Eat: Chunk             ||     3
Armor: Skin              ||    32
Dodge: Dodged            ||    55
